AoeStats
← ibreks

Arabian Desert

510217763Analyzed
1v1 RM · 3d ago on Sep 30, 2026· 47m 1s· 2 players
Game mode
Random Map
Map size
Tiny (2 player)
Population
200
Speed
Normal
Resources
Standard
Victory
Conquest
Starting age
Dark Age
Ending age
Imperial Age
RankedLock teamsTeams togetherTeam positionsShared explorationLock speedFull tech treeHidden civsTurbo modeCheats
Victory
Defeat
🇺🇸 Danes · United States
1122
+16
🇦🇷 Magyars · Argentina
1123
-16
ibreks
6:17 Loom
10:49 Feudal Age
10:53 Man-at-Arms
15:07 Forging
17:09 Double-Bit Axe
21:02 Castle Age
22:48 Scale Mail Armor
24:52 Iron Casting
30:02 Horse Collar
30:36 Bow Saw
30:40 Gold Mining
30:52 Pikeman
32:30 Wheelbarrow
38:53 Caravan
40:47 Heavy Plow
44:06 Imperial Age
42:05 Elite Skirmisher
43:07 Chain Mail Armor
42:58 Scale Barding Armor
42:45 Fletching
42:55 Padded Archer Armor
42:46 Fletching
44:30 Hand Cart
44:08 Hamask
45:12 Conscription
45:34 Halberdier
48:28 Blast Furnace
47:34 Scale Barding Armor
47:24 Bodkin Arrow
Golden_Boy
7:34 Loom
10:06 Feudal Age
10:42 Double-Bit Axe
11:25 Horse Collar
22:44 Castle Age
23:01 Crossbowman
24:09 Bow Saw
23:53 Stone Mining
25:35 Fletching
26:04 Heavy Plow
28:34 Wheelbarrow
33:03 Scale Barding Armor
35:07 Chain Barding Armor
36:37 Thumb Ring
36:30 Bodkin Arrow
36:36 Padded Archer Armor
37:41 Hand Cart
38:42 Town Watch
42:17 Ballistics
47:51 Imperial Age
Connection lost

Rejoining the realm…

Still unreachable

The connection could not be restored.

Session expired

The server has moved on; the page needs a fresh start.